 Dungeon Sprint DCSS version 0.30.1-9-gdf580d7c3d (webtiles) character file.

Game seed: 1140493543710456493

34022 Heoruswealwe the Archmage (level 13, -12/63 HPs)
             Began as a Deep Elf Conjurer on Sept 26, 2023.
             Was an Initiate of Gozag.
             Mangled by a culicivora (22 damage)
             ... in the Dungeon (Sprint IX: "|||||||||||||||||||||||||||||").
             The game lasted 01:10:09 (4619 turns).

Heoruswealwe the Archmage (Deep Elf Conjurer)       Turns: 4619, Time: 01:10:10

Health: -12/63     AC:  8    Str:  4    XL:     13   Next: 39%
Magic:  3/55       EV: 12    Int: 29    God:    Gozag
Gold:   4523       SH:  0    Dex: 13    Spells: 12/66 levels left

rFire   . . .        a - +3 falchion of the Nexus {spect, rElec rN+}
rCold   . . .        (no shield)
rNeg    + . .        c - +0 robe
rPois   +            g - +1 helmet
rElec   +            h - +0 cloak "Rupho" {MP+9}
rCorr   .            f - +0 pair of gloves
SInv    .            e - +1 pair of boots
Will    +....        (no amulet)
Stlth   ++           k - ring of wizardry
HPRegen 0.30/turn    j - ring of poison resistance
MPRegen 0.34/turn

%: no teleportation, wizardry (x1)
@: slowed, very slow
A: no striking features
a: Renounce Religion, Potion Petition, Call Merchant, Bribe Branch


You were in the Dungeon.
You worshipped Gozag.
Gozag was most pleased with you.
You visited 1 branch You collected 11885 gold pieces.
You spent 5027 gold pieces at shops.
You paid 2335 gold pieces to Gozag.

Inventory:

Hand Weapons
 a - the +3 falchion of the Nexus (weapon) {spect, rElec rN+}
   (You bought it in a shop in the Dungeon)

   rElec:     It insulates you from electricity.
   rN:        It protects you from negative energy.
 u - a +0 triple crossbow
Armour
 c - a +0 robe (worn)
 e - a +1 pair of boots (worn)
 f - a +0 pair of gloves (worn)
 g - a +1 helmet (worn)
 h - the +0 cloak "Rupho" (worn) {MP+9}
   (You found it in the Dungeon)

   MP:        It affects your magic capacity (+9).
Jewellery
 j - a ring of poison resistance (right hand)
 k - a ring of wizardry (left hand)
 t - a ring of protection from fire
Wands
 i - a wand of iceblast (2)
 r - a wand of mindburst (6)
Scrolls
 l - 4 scrolls of amnesia
 o - 3 scrolls of identify
 q - 4 scrolls of enchant weapon
Potions
 m - 7 potions of curing
 n - a potion of mutation
 p - a potion of flight
Miscellaneous
 b - a tin of tremorstones (2/2)


   Skills:
 - Level 2.4 Dodging
 - Level 2.4 Stealth
 O Level 27 Spellcasting
 * Level 26.5 Conjurations
 + Level 10.3 Fire Magic
 + Level 10.3 Ice Magic
 + Level 9.0 Air Magic


You had 12 spell levels left.
You knew the following spells:

 Your Spells              Type           Power      Damage    Failure   Level
a - Magic Dart            Conj           100%       1d8       0%          1
b - Searing Ray           Conj           100%       2d8       0%          2
c - Static Discharge      Conj/Air       100%       2-7/arc   0%          2
d - Dazzling Flash        Conj/Hex       100%       N/A       0%          3
e - Stone Arrow           Conj/Erth      100%       3d13      0%          3
f - Fulminant Prism       Conj/Hex       43%        3d19      1%          4
g - Iskenderun's Mystic   Conj/Tloc      86%        2d17      1%          4
h - Iskenderun's Battles  Conj           100%       2d15      0%          5
i - Fireball              Conj/Fire      49%        3d19      0%          5
j - Freezing Cloud        Conj/Ice/Air   45%        6-21      1%          5
k - Conjure Ball Lightni  Conj/Air       48%        3x3d17    1%          6
l - Orb of Destruction    Conj           57%        9d14      0%          7
m - Spellforged Servitor  Conj/Summ      43%        N/A       1%          7

Your spell library contained the following spells:

 Spells                   Type           Power      Damage    Failure   Level
 Cigotuvi's Dreadful Rot  Necr/Pois/Air  100%       N/A       1%          2
 Passwall                 Tmut/Erth      32%        N/A       1%          2
 Sublimation of Blood     Necr           39%        N/A       1%          2
 Wereblood                Tmut           39%        N/A       1%          2
 Ignite Poison            Fire/Tmut/Pois 56%        N/A       1%          3
 Summon Guardian Golem    Hex/Summ       39%        N/A       1%          3
 Airstrike                Air            37%        2d(6-22)  1%          4
 Summon Lightning Spire   Summ/Air       60%        N/A       1%          4
 Plasma Beam              Fire/Air       38%        2x1d57    1%          6
 Cause Fear               Hex            19%        N/A       2%          4
 Statue Form              Tmut/Erth      26%        N/A       36%         6
 Dragon Form              Tmut           19%        N/A       89%         7
 Summon Hydra             Summ           19%        N/A       89%         7
 Dragon's Call            Summ           19%        N/A       100%        9


Dungeon Overview and Level Annotations

Branches:
Dungeon (1/1)

Altars:
Cheibriados
Dithmenos
Elyvilon
Fedhas
Gozag
Hepliaklqana
Kikubaaqudgha
Makhleb
Nemelex Xobeh
Okawaru
Qazlal
Ru
Sif Muna
Trog
Uskayaw
Vehumet
Wu Jian
Xom
Yredelemnul
Zin
The Shining One
Jiyva
Lugonu

Shops:
D ?*=(*:=


Message History

Things that are here:
a +0 longbow; a +0 trident; a +0 robe You feel much better.
The culicivora closely misses you.
The culicivora bites you but does no damage. x2
The culicivora attacks as you move away!
The culicivora bites you.
The culicivora draws strength from your injuries!
The culicivora bites you!
The culicivora draws strength from your injuries!
You see here a +1 vampiric war axe.
You feel much better. The culicivora bites you!
The culicivora draws strength from your injuries!
The culicivora bites you.
Casting: Fireball (safe; 0% risk of failure)
Confirm with . or Enter, or press ? or * to list all spells.
You erupt in a blast of force!
The mystic blast hits the torpor snail!!
The torpor snail is moderately wounded.
The torpor snail is knocked back by the mystic blast.
The torpor snail collides with the emperor scorpion!
The emperor scorpion is lightly wounded.
The torpor snail is heavily wounded.
The mystic blast hits the culicivora!
The culicivora is moderately wounded.
The culicivora is knocked back by the mystic blast.
The culicivora collides with the torpor snail!
The torpor snail is severely wounded.
The culicivora is severely wounded.
The culicivora bites you!
The culicivora draws strength from your injuries!
The culicivora bites you but does no damage.
The culicivora bites you!!
* * * LOW HITPOINT WARNING * * *
The culicivora draws strength from your injuries!
There is an open door to the Snake Pit, spattered with blood here.
You feel better. The culicivora closely misses you. The culicivora bites you!
* * * LOW HITPOINT WARNING * * *
The culicivora draws strength from your injuries!
You feel better. The culicivora closely misses you. The culicivora bites you!!
You die...
Your body crumbles into a pile of gold.

,*,*,*,*,*,*,*,▓)▓.▓.▓.▓.▓.▓.▓.▓_
,*,*,*,*,*,*,*,▓$▓.▓)▓.▓.▓.▓.▓.▓_
,*,*+*,*,*,*,*,▓.▓.▓)▓.▓.▓.▓'▓.▓_
,*,*,*,*,*,*,*,▓.▓.▓)▓.▓.▓.▓?▓.▓_
,*,*,*,*,*,*,*,▓.▓.▓)▓.▓.▓.▓?▓.▓_
,*,*,*,*,*,*,*,▓s▓.▓)▓.▓.▓.▓?▓.▓_
,*,*,*,*,*,*+*,▓w▓.▓)▓.▓)▓.▓.▓.▓_
,*,*,*,*,*,*,*,▓s▓.▓.▓.▓)▓.▓?▓.▓'
,*,*,*,*,*,*,*,▓@▓.▓)▓.▓)▓.▓)▓.▓.
,*,*,*,*,*,*,*,▓.▓.▓.▓.▓)▓.▓.▓.▓.
,*,*,*,*,*,*,*,▓.▓.▓.▓.▓'▓.▓.▓.▓.
,*,*,*,*+*,*,*,▓.▓.▓=▓.▓.▓.▓.▓.▓.
,*,*,*,*,*,*,*,▓.▓.▓.▓.▓.▓.▓.▓.▓.
+*,*,*,*,*,*,*,▓.▓.▓=▓)▓.▓.▓.▓.▓)
,*,*,*,*,*,*,*,▓.▓.▓'▓.▓.▓.▓.▓.▓.
,*,*,*,*,*,*,*,▓.▓.▓.▓.▓.▓.▓.▓.▓†
,*,*+*,*,*,*,*,▓.▓.▓)▓.▓.▓.▓'▓.▓.


You could see an emperor scorpion, a torpor snail and a culicivora.

Vanquished Creatures
  An emperor scorpion (D)
  A broodmother (D)
  A very ugly thing (D)
  A vampire knight (D)
  A hydra (D)
  Harold (D)
  A rakshasa (D)
  A spriggan air mage (D)
  Erica (D)
  6 ogre magi (D)
  2 boulder beetles (D)
  4 two-headed ogres (D)
  2 merfolk avatars (D)
  A death knight (D)
  A centaur warrior (D)
  A deep troll shaman (D)
  An orc high priest (D)
  2 naga sharpshooters (D)
  A naga ritualist (D)
  3 orc knights (D)
  A mana viper (shapeshifter) (D)
  A deep elf pyromancer (D)
  A wolf spider (D)
  4 ugly things (D)
  2 manticores (D)
  An elephant (D)
  Maurice (D)
  2 black mambas (D)
  A cyclops (D)
  A merfolk siren (D)
  A guardian serpent (D)
  A torpor snail (D)
  A naga mage (D)
  4 cane toads (D)
  3 komodo dragons (D)
  A tengu conjurer (D)
  2 trolls (D)
  A polar bear (D)
  A tyrant leech (D)
  2 tarantellas (D)
  2 snapping turtles (D)
  3 blink frogs (D)
  A water elemental (D)
  A vampire (D)
  4 basilisks (D)
  A yak (D)
  2 vampire mosquitoes (D)
  2 nagas (D)
  4 water moccasins (D)
  A black bear (shapeshifter) (D)
  10 orc warriors (D)
  5 ogres (D)
  3 centaurs (D)
  A bullfrog (D)
  A scorpion (D)
  An orc priest (D)
  A jelly (D)
  A sleepcap (D)
  An orc wizard (D)
  A hell rat (D)
  An adder (D)
  10 orcs (D)
  2 ball pythons (D)
  A frilled lizard (D)
  A kobold (D)
  A rat (D)
127 creatures vanquished.

Vanquished Creatures (others)
  15 fulminant prisms (D)
15 creatures vanquished.

Grand Total: 142 creatures vanquished

Notes
Turn   | Place    | Note
-------+----------+-------------------------------------------
     0 | D        | Heoruswealwe the Deep Elf Conjurer began the quest for the
                  | Orb.
     0 | D        | Reached XP level 1. HP: 10/10 MP: 6/6
    12 | D        | Reached skill level 4 in Spellcasting
    12 | D        | Reached skill level 5 in Conjurations
    91 | D        | Noticed a jelly
    91 | D        | Noticed a sleepcap
    91 | D        | Noticed a scorpion
    95 | D        | Killed a scorpion
    96 | D        | Reached skill level 7 in Spellcasting
    96 | D        | Reached XP level 2. HP: 15/15 MP: 7/12
    96 | D        | Reached XP level 3. HP: 19/19 MP: 8/14
   102 | D        | Reached skill level 8 in Spellcasting
   102 | D        | Reached XP level 4. HP: 24/24 MP: 9/16
   107 | D        | Reached skill level 9 in Spellcasting
   123 | D        | Learned a level 2 spell: Searing Ray
   127 | D        | Learned a level 3 spell: Dazzling Flash
   132 | D        | Learned a level 4 spell: Fulminant Prism
   137 | D        | Learned a level 4 spell: Iskenderun's Mystic Blast
   171 | D        | Found a snail-covered altar of Cheibriados.
   171 | D        | Found a shadowy altar of Dithmenos.
   171 | D        | Found a white marble altar of Elyvilon.
   171 | D        | Found a blossoming altar of Fedhas.
   171 | D        | Found an opulent altar of Gozag.
   172 | D        | Found a hazy altar of Hepliaklqana.
   173 | D        | Found a viscous altar of Jiyva.
   174 | D        | Found an ancient bone altar of Kikubaaqudgha.
   175 | D        | Found a corrupted altar of Lugonu.
   176 | D        | Found a burning altar of Makhleb.
   177 | D        | Found a sparkling altar of Nemelex Xobeh.
   178 | D        | Found an iron altar of Okawaru.
   179 | D        | Became a worshipper of Gozag Ym Sagoz the Greedy
   180 | D        | Found a stormy altar of Qazlal.
   181 | D        | Found a sacrificial altar of Ru.
   182 | D        | Found a shimmering blue altar of Sif Muna.
   183 | D        | Found a bloodstained altar of Trog.
   184 | D        | Found a hide-covered altar of Uskayaw.
   185 | D        | Found a radiant altar of Vehumet.
   186 | D        | Found an ornate altar of the Wu Jian Council.
   187 | D        | Found a shimmering altar of Xom.
   188 | D        | Found a basalt altar of Yredelemnul.
   189 | D        | Found a glowing silver altar of Zin.
   190 | D        | Found a glowing golden altar of the Shining One.
   229 | D        | Noticed a centaur
   229 | D        | Noticed a centaur
   229 | D        | Noticed a troll
   229 | D        | Noticed a two-headed ogre
   229 | D        | Noticed a troll
   229 | D        | Noticed a vampire
   233 | D        | Killed a centaur
   233 | D        | Killed a centaur
   234 | D        | Reached skill level 12 in Spellcasting
   234 | D        | Reached skill level 10 in Conjurations
   234 | D        | Reached XP level 5. HP: 19/28 MP: 9/21
   234 | D        | Reached XP level 6. HP: 22/32 MP: 9/23
   234 | D        | Killed a vampire
   234 | D        | Killed a troll
   235 | D        | Reached skill level 14 in Spellcasting
   235 | D        | Reached XP level 7. HP: 25/36 MP: 9/27
   235 | D        | Killed a two-headed ogre
   236 | D        | Reached skill level 16 in Spellcasting
   236 | D        | Reached XP level 8. HP: 29/41 MP: 5/30
   237 | D        | Killed a troll
   238 | D        | Reached skill level 17 in Spellcasting
   238 | D        | Reached skill level 15 in Conjurations
   391 | D        | Noticed a komodo dragon
   391 | D        | Noticed a boulder beetle
   391 | D        | Noticed a brown ugly thing
   391 | D        | Noticed a deep elf pyromancer
   394 | D        | Killed a deep elf pyromancer
   395 | D        | Reached skill level 18 in Spellcasting
   399 | D        | Killed a brown ugly thing
   400 | D        | Reached skill level 19 in Spellcasting
   400 | D        | Reached XP level 9. HP: 45/45 MP: 12/34
   402 | D        | Killed a komodo dragon
   413 | D        | Killed a boulder beetle
   414 | D        | Reached skill level 20 in Spellcasting
   599 | D        | Noticed Maurice
   615 | D        | Killed Maurice
   766 | D        | Noticed a cane toad
   766 | D        | Noticed a cane toad
   766 | D        | Noticed a cane toad
   768 | D        | Killed a cane toad
   769 | D        | Reached XP level 10. HP: 45/50 MP: 27/36
   769 | D        | Killed a cane toad
   770 | D        | Reached skill level 21 in Spellcasting
   770 | D        | Noticed a five-headed hydra
   889 | D        | Killed a cane toad
   891 | D        | Noticed an elephant
   895 | D        | Killed a five-headed hydra
   896 | D        | Reached skill level 22 in Spellcasting
   905 | D        | Killed an elephant
  1008 | D        | Noticed a boulder beetle
  1140 | D        | Reached skill level 23 in Spellcasting
  1452 | D        | Killed a boulder beetle
  1453 | D        | Reached XP level 11. HP: 20/54 MP: 8/40
  1585 | D        | Reached skill level 24 in Spellcasting
  1947 | D        | Noticed an orc high priest
  1962 | D        | Noticed a soul eater
  1964 | D        | Killed an orc high priest
  2112 | D        | Noticed an orc knight
  2112 | D        | Noticed an orc knight
  2118 | D        | Killed an orc knight
  2127 | D        | Killed an orc knight
  2128 | D        | Reached skill level 25 in Spellcasting
  2147 | D        | Noticed an orc knight
  2163 | D        | Killed an orc knight
  2265 | D        | Found Goacuomi's Jewellery Boutique.
  2265 | D        | Noticed an ogre mage
  2265 | D        | Noticed a two-headed ogre
  2265 | D        | Noticed a two-headed ogre
  2268 | D        | Killed a two-headed ogre
  2273 | D        | Killed an ogre mage
  2273 | D        | Noticed an ogre mage
  2274 | D        | Reached skill level 26 in Spellcasting
  2275 | D        | Killed a two-headed ogre
  2287 | D        | Killed an ogre mage
  2291 | D        | Noticed an ogre mage
  2388 | D        | Killed an ogre mage
  2431 | D        | Noticed an ogre mage
  2441 | D        | Killed an ogre mage
  2442 | D        | Reached XP level 12. HP: 59/59 MP: 10/44
  2580 | D        | Found Wemunkit's Book Shop.
  2584 | D        | Found Hetil's General Store.
  2588 | D        | Found Wosh's Antique Weapon Shop.
  2591 | D        | Noticed an ogre mage
  2606 | D        | Killed an ogre mage
  2607 | D        | Reached skill level 27 in Spellcasting
  2607 | D        | Reached skill level 1 in Fire Magic
  2607 | D        | Reached skill level 1 in Ice Magic
  2624 | D        | Noticed a two-headed ogre
  2631 | D        | Killed a two-headed ogre
  2728 | D        | Bought a tin of tremorstones (2/2) for 480 gold pieces
  2728 | D        | Bought a Trismegistus Codex for 312 gold pieces
  2728 | D        | Bought a scroll of vulnerability for 48 gold pieces
  2730 | D        | Bought a fine falchion for 208 gold pieces
  2730 | D        | Identified the +3 falchion of the Nexus {spect, rElec rN+}
                  | (You bought it in a shop in the Dungeon)
  2746 | D        | Bought a book of the Dragon for 598 gold pieces
  2746 | D        | Bought a book of Dangerous Friends for 520 gold pieces
  2746 | D        | Bought Ovvuoro's Grimoire of Coarse Haze for 546 gold
                  | pieces
  2746 | D        | Bought a book of Storms for 338 gold pieces
  2746 | D        | Bought a book of the Spheres for 702 gold pieces
  2753 | D        | Learned a level 2 spell: Static Discharge
  2757 | D        | Learned a level 3 spell: Stone Arrow
  2763 | D        | Learned a level 5 spell: Iskenderun's Battlesphere
  2769 | D        | Learned a level 5 spell: Fireball
  2775 | D        | Learned a level 5 spell: Freezing Cloud
  2782 | D        | Learned a level 6 spell: Conjure Ball Lightning
  2790 | D        | Learned a level 7 spell: Orb of Destruction
  2798 | D        | Learned a level 7 spell: Spellforged Servitor
  2813 | D        | Bought a potion of attraction for 45 gold pieces
  2813 | D        | Bought a scroll of amnesia for 60 gold pieces
  2813 | D        | Bought a scroll of enchant weapon for 112 gold pieces
  2813 | D        | Bought a scroll of blinking for 112 gold pieces
  2813 | D        | Bought a wand of mindburst (6) for 126 gold pieces
  2813 | D        | Bought a scroll of identify for 30 gold pieces
  2850 | D        | Bought a scroll of magic mapping for 120 gold pieces
  2850 | D        | Bought a scroll of enchant weapon for 120 gold pieces
  2850 | D        | Bought a scroll of amnesia for 64 gold pieces
  2850 | D        | Bought a scroll of poison for 64 gold pieces
  2850 | D        | Bought a scroll of identify for 32 gold pieces
  2898 | D        | Bought a ring of wizardry for 390 gold pieces
  2939 | D        | Noticed Harold
  2943 | D        | Killed Harold
  2944 | D        | Reached skill level 1 in Air Magic
  2998 | D        | Noticed Erica
  3003 | D        | Killed Erica
  3108 | D        | Got the +0 cloak "Rupho" {MP+9}
  3159 | D        | Noticed a centaur warrior
  3159 | D        | Noticed an ogre mage
  3159 | D        | Noticed a death knight
  3161 | D        | Killed a death knight
  3165 | D        | Killed an ogre mage
  3166 | D        | Reached skill level 5 in Fire Magic
  3166 | D        | Reached skill level 5 in Ice Magic
  3167 | D        | Killed a centaur warrior
  3168 | D        | Noticed a rakshasa
  3382 | D        | Killed a rakshasa
  3383 | D        | Reached skill level 5 in Air Magic
  3546 | D        | Noticed a brown very ugly thing
  3549 | D        | Killed a brown very ugly thing
  3617 | D        | Noticed a spriggan air mage
  3621 | D        | Killed a spriggan air mage
  3621 | D        | Noticed a deep troll shaman
  3625 | D        | Killed a deep troll shaman
  3754 | D        | Noticed a vampire knight
  3762 | D        | Killed a vampire knight
  3945 | D        | Reached XP level 13. HP: 41/63 MP: 27/46
  4433 | D        | Noticed an emperor scorpion
  4434 | D        | Noticed a broodmother
  4448 | D        | Killed an emperor scorpion
  4450 | D        | Reached skill level 10 in Fire Magic
  4450 | D        | Reached skill level 10 in Ice Magic
  4605 | D        | Noticed an emperor scorpion
  4608 | D        | Killed a broodmother
  4618 | D        | HP: 3/63 [culicivora (17)]
  4619 | D        | Mangled by a culicivora

Illustrated notes

Levels and vault maps discovered:
D:        linesprint [early_d, line_temple, items_1, d_10, items_2, lair_1,
          lair_end, items_3, orc_1, orc_end, items_4, d_15, swamp_1, shoals_1,
          snake_1, spider_1, d_20, vaults_1, items_5, swamp_end, shoals_end,
          snake_end, spider_end, vaults_end, d_27, items_6, zot_1, zot_end,
          crypt_end, forest_end, elf_end, slime_end, tomb_end, abyss_end,
          pan_hell_end]

Skill      XL: |  1  2  3  4  5  6  7  8  9 10 11 12 13 |
---------------+----------------------------------------+-----
Spellcasting   | 7 8 12 14 16 19 20 23 26 27 | 27.0
Conjurations   | 7 10 12 14 16 18 20 23 25 26 | 26.5
Fire Magic     | 8 10 | 10.3
Ice Magic      | 8 10 | 10.3
Air Magic      | 6 9 |  9.0
Dodging        | |  2.4
Stealth        | |  2.4

Action                     |  1- 3 |  4- 6 |  7- 9 | 10-12 | 13-15 || total
---------------------------+-------+-------+-------+-------+-------++-------
  Melee: Unarmed           |    12 |       |       |       |       ||    12
         Short sword       |     9 |     3 |       |       |       ||    12
   Cast: Magic Dart        |     7 |     3 |       |    15 |       ||    25
         Iskenderun's Myst |       |     2 |    14 |   116 |    15 ||   147
         Fulminant Prism   |       |       |     2 |    13 |       ||    15
         Searing Ray       |       |       |     1 |    14 |       ||    15
         Fireball          |       |       |       |    29 |    28 ||    57
         Orb of Destructio |       |       |       |     9 |       ||     9
         Stone Arrow       |       |       |       |       |     4 ||     4
         Spellforged Servi |       |       |       |       |     3 ||     3
 Invoke: Call Merchant     |       |       |       |     3 |       ||     3
  Evoke: Wand              |       |     3 |     7 |     8 |     1 ||    19
    Use: Potion            |     2 |       |       |    12 |     5 ||    19
         Scroll            |       |     1 |       |     6 |       ||     7
 Armour: Robe              |     3 |       |       |     2 |    13 ||    18
  Dodge: Dodged            |    12 |     2 |       |     9 |    15 ||    38
